 Dungeon Crawl Stone Soup version 0.29-a0-352-g0917bc69df (webtiles) character file.

Game seed: 9248746277586734936

195 bande the Covered (level 5, -28/33 HPs)
             Began as a Gargoyle Fighter on Apr 24, 2022.
             Annihilated by an ogre
             ... wielding a +0 giant club
              (30 damage)
             ... on level 4 of the Dungeon.
             The game lasted 00:04:21 (2692 turns).

bande the Covered (Gargoyle Fighter)                Turns: 2692, Time: 00:04:22

Health: -28/33     AC: 13    Str: 20    XL:     5   Next: 74%
Magic:  5/5        EV:  7    Int:  8    God:
Gold:   149        SH:  4    Dex: 11    Spells: 4/4 levels left

rFire   + . .      SeeInvis .   a - +1 war axe
rCold   . . .      Faith    .   c - +0 buckler
rNeg    + . .      Spirit   .   h - +0 chain mail
rPois   ∞          Reflect  .   (no helmet)
rElec   +          Harm     .   (no cloak)
rCorr   +          Rampage  .   (no gloves)
Will    .....                   (no boots)
Stlth   ..........              (no amulet)
HPRegen 0.11/turn               k - ring of resist corrosion
MPRegen 0.09/turn               m - ring of protection from fire

@: no status effects
A: sickness immunity, AC +4, negative energy resistance 1, electricity
resistance, torment resistance 1, petrification resistance
a: no special abilities


You were on level 4 of the Dungeon.
You visited 1 branch of the dungeon, and saw 4 of its levels.

You collected 149 gold pieces.

Inventory:

Hand Weapons
 a - a +1 war axe (weapon)
 q - a +0 flail
Missiles
 i - a throwing net (quivered)
Armour
 c - a +0 buckler (worn)
 h - a +0 chain mail (worn)
Jewellery
 k - a ring of resist corrosion (left hand)
 m - a ring of protection from fire (right hand)
Wands
 d - a wand of iceblast (9)
Potions
 b - a potion of cancellation
 e - a potion of attraction {unknown}
 f - 2 potions of flight {unknown}
 g - a potion of resistance {unknown}
 j - a potion of degeneration {unknown}
 l - a potion of heal wounds {unknown}
 n - 2 potions of brilliance
 o - 2 potions of curing {unknown}
 p - a potion of invisibility {unknown}


   Skills:
 + Level 4.0 Fighting
 + Level 3.4 Axes
 + Level 4.8 Armour
 + Level 3.8 Shields
 * Level 0.1 Evocations


You had 4 spell levels left.
You didn't know any spells.
Your spell library contained the following spells:

 Spells                   Type           Power      Damage    Failure   Level
 Tukima's Dance           Hex            0%         N/A       100%        3
 Anguish                  Hex/Necr       0%         N/A       100%        4
 Enfeeble                 Hex            0%         N/A       100%        7


Dungeon Overview and Level Annotations

Branches:
Dungeon (4/15)
 Temple: D:4-7

Altars:
Sif Muna

Shops:
D:3 (


Innate Abilities, Weirdness & Mutations

You are immune to sickness and miasma.
Your stone body is resilient. (AC +4)
You are immune to poison.
You resist negative energy. (rN+)
You are resistant to electric shocks. (rElec)
You are resistant to unholy torment.
You are immune to petrification.


Message History

The endoplasm jiggles.
You block the endoplasm's attack.
The endoplasm jiggles.
The endoplasm freezes you.
You are frozen.
You hit the endoplasm.
You kill the endoplasm!
Things that are here:
a +0 flail; a +0 ring mail; an orc corpse
q - a +0 flail HP restored.
An ogre comes into view. It is wielding a +0 giant club.
The ogre shouts!
An ogre is nearby!
You barely miss the ogre. The ogre barely misses you.
You barely miss the ogre. The ogre barely misses you.
You barely miss the ogre. The ogre hits you with a +0 giant club!
You hit the ogre.
The ogre is lightly wounded.
The ogre hits you with a +0 giant club.
You barely miss the ogre.
The ogre is lightly wounded.
The ogre hits you but does no damage.
You hit the ogre.
The ogre is moderately wounded.
The ogre hits you with a +0 giant club!
* * * LOW HITPOINT WARNING * * *
You hit the ogre.
The ogre is moderately wounded.
You hit the ogre.
The ogre is severely wounded.
The ogre barely misses you.
You barely miss the ogre.
The ogre is severely wounded.
The ogre closely misses you.
You hit the ogre.
The ogre is severely wounded.
The ogre hits you with a +0 giant club!!
Ouch! That really hurt!
You die...

#############.
#............
#..........#
#..........#
#..........##.#
#..........+..#
#....O@....##.#
#..........##.#
#####+###.###.#
#.# #.# #.# #.#
#.###[###.#
#.......<.#
#####.###.# #.#
#.#


You could see an ogre.

Vanquished Creatures
  An ogre (D:3)
  Ijyb (D:3)
  3 adders (D:3)
  2 dart slugs
  An orc (D:4)
  5 ball pythons
  9 endoplasms
  5 giant cockroaches
  2 hobgoblins
  2 kobolds
  6 quokkas
  5 bats
  4 frilled lizards
  6 goblins
  7 rats
59 creatures vanquished.

Vanquished Creatures (others)
  4 fungi (D:2)
4 creatures vanquished.

Grand Total: 63 creatures vanquished

Notes
Turn   | Place    | Note
-------+----------+-------------------------------------------
     0 | D:1      | bande the Gargoyle Fighter began the quest for the Orb.
     0 | D:1      | Reached XP level 1. HP: 14/14 MP: 1/1
   167 | D:1      | Reached XP level 2. HP: 17/19 MP: 2/2
   788 | D:1      | Reached XP level 3. HP: 23/23 MP: 3/3
  2003 | D:3      | Reached XP level 4. HP: 21/29 MP: 4/4
  2104 | D:3      | Found a shimmering blue altar of Sif Muna.
  2172 | D:3      | Noticed an ogre
  2178 | D:3      | Killed an ogre
  2179 | D:3      | Reached XP level 5. HP: 31/33 MP: 5/5
  2213 | D:3      | Noticed Ijyb
  2218 | D:3      | Killed Ijyb
  2441 | D:3      | Found a faded altar of an unknown god.
  2546 | D:3      | Found Nodapsall's Weapon Shop.
  2679 | D:4      | Noticed an ogre
  2688 | D:4      | HP: 1/33 [ogre/+0 giant club (12)]
  2692 | D:4      | Annihilated by an ogre

Illustrated notes

Levels and vault maps discovered:
D:1:      tarquinn_simple_flora_water_e, layout_basic
D:2:      layout_loops_ring, dreamdust_mushroom_princess
D:3:      layout_rooms, nicolae_sif_muna_little_library, serial_shops,
          nicolae_shop_behind_doors, hellmonk_ecumenical_altar_inner_sanctum,
          uniq_ijyb
D:4:      layout_basic, gammafunk_ghost_abyssal_escape

Skill      XL: |  1  2  3  4  5 |
---------------+----------------+-----
Axes           | 2 3 |  3.4
Armour         | 4 |  4.8
Fighting       | 4 |  4.0
Shields        | |  3.8
Evocations     | |  0.1

Action                   |  1- 3 |  4- 6 || total
-------------------------+-------+-------++-------
Melee: War axe           |   121 |    53 ||   174
  Use: Scroll            |     6 |     2 ||     8
       Potion            |       |     1 ||     1
Armor: Scale mail        |    32 |       ||    32
       Chain mail        |    56 |    27 ||    83
Dodge: Dodged            |    50 |    23 ||    73
Block: Buckler           |    25 |     5 ||    30

Table legend: (Time is in decaauts)
 A = Elapsed time spent in this place.
 B = Non-inter-level travel time spent in this place.
 C = Inter-level travel time spent in this place.
 D = Time resting spent in this place.
 E = Time spent auto-exploring this place.
 F = Levels seen in this place.
 G = Mean time per level.
                   A        B        C        D        E       F      G
               +--------+--------+--------+--------+--------+-----+--------+
         Total |   2762 |   2742 |     20 |      0 |   2205 |   4 |  690.5 |
       Dungeon |   2762 |   2742 |     20 |      0 |   2205 |   4 |  690.5 |
               +--------+--------+--------+--------+--------+-----+--------+

Top non-repeatable levels by time:
     D:1: 1076 daAuts
     D:2: 913 daAuts
     D:3: 700 daAuts
     D:4: 71 daAuts
